 Dungeon Crawl Stone Soup version 0.29-a0-823-gc37b1572da (webtiles) character file.

Game seed: 3958321004100795643

4622 kevlar127 the Grappler (level 10, -1/156 HPs)
             Began as a Troll Berserker on July 8, 2022.
             Was a Priest of Trog.
             Slain by a meliai
             ... wielding a +2 vorpal hand axe
              (2 damage)
             ... on level 8 of the Dungeon on July 9, 2022.
             The game lasted 00:20:33 (7355 turns).

kevlar127 the Grappler (Troll Berserker)            Turns: 7355, Time: 00:20:34

Health: -1/156     AC:  7    Str: 28    XL:     10   Next: 19%
Magic:  9/9        EV: 10    Int:  3    God:    Trog [***...]
Gold:   440        SH:  5    Dex: 13    Spells: 9/9 levels left

rFire   . . .      SeeInvis .     - Unarmed
rCold   . . .      Faith    .   (no shield)
rNeg    + + +      Spirit   .   F - +0 steam dragon scales
rPois   .          Reflect  +   (helmet restricted)
rElec   .          Harm     .   (no cloak)
rCorr   .          Rampage  .   (gloves unavailable)
Will    ++...                   (boots unavailable)
Stlth   ..........              v - amulet of reflection
HPRegen 2.16/turn               E - ring "Wyuf" {Fly rN+++ Str-3 Dex+4 Slay+3}
MPRegen 0.11/turn               (no ring)

@: berserking, lethally poisoned (-1 -> -2), strong-willed, flying,
regenerating, very quick
A: large, unfitting armour, claws 3, regeneration 1, shaggy fur 1, tough skin 1
a: Renounce Religion, Berserk, Trog's Hand


You were on level 8 of the Dungeon.
You worshipped Trog.
Trog was most pleased with you.
You visited 2 branches of the dungeon, and saw 9 of its levels.
You also visited: Bailey.

You collected 440 gold pieces.

Inventory:

Missiles
 b - 5 boomerangs (quivered)
 l - 36 stones
 m - 9 poisoned darts
 r - a boomerang of dispersal
Armour
 a - a +0 animal skin
 F - +0 steam dragon scales (worn)
Jewellery
 v - an amulet of reflection (around neck)
 C - an amulet of faith
 E - the ring "Wyuf" (left claw) {Fly rN+++ Str-3 Dex+4 Slay+3}
   (You found it on level 5 of the Dungeon)

   [ring of flight]

   Str:       It affects your strength (-3).
   Dex:       It affects your dexterity (+4).
   Slay:      It affects your accuracy & damage with ranged weapons and melee
   (+3).
   rN:        It renders you almost immune to negative energy.
   Fly:       It grants you flight.
Wands
 u - a wand of acid (2)
 D - a wand of polymorph (7)
 K - a wand of flame (30)
Scrolls
 c - 3 scrolls of blinking {unknown}
 f - 2 scrolls of poison {unknown}
 g - 3 scrolls of amnesia {unknown}
 j - a scroll of noise {unknown}
 k - 3 scrolls of teleportation {unknown}
 o - a scroll of summoning {unknown}
 p - 2 scrolls of immolation {unknown}
 q - 5 scrolls of identify {unknown}
 t - a scroll of enchant weapon {unknown}
 w - a scroll of vulnerability {unknown}
 y - a scroll of fear {unknown}
 L - a scroll of fog {unknown}
Potions
 d - 3 potions of berserk rage {unknown}
 e - 2 potions of lignification {unknown}
 h - 2 potions of heal wounds {unknown}
 i - 5 potions of mutation {unknown}
 n - 3 potions of attraction {unknown}
 s - 6 potions of curing {unknown}
 x - a potion of flight {unknown}
 z - a potion of haste {unknown}
 A - a potion of resistance {unknown}
 B - 3 potions of might {unknown}
 G - a potion of magic {unknown}
 I - a potion of invisibility {unknown}
 J - a potion of brilliance {unknown}
Miscellaneous
 H - a phial of floods


   Skills:
 * Level 7.9 Fighting
 + Level 5.5 Throwing
 + Level 1.7 Armour
 - Level 3.0 Dodging
 * Level 9.4 Unarmed Combat
 - Level 3.0 Evocations


You had 9 spell levels left.
You didn't know any spells.
Your spell library was empty.

Dungeon Overview and Level Annotations

Branches:
Dungeon (8/15)             Temple (1/1) D:4          Bailey (visited)
   Lair: D:8-11

Altars:
Ashenzari
Cheibriados
Dithmenos
Elyvilon
Fedhas
Gozag
Kikubaaqudgha
Ru
Vehumet
Yredelemnul
The Shining One


Innate Abilities, Weirdness & Mutations

You are too large for most types of armour.
You have claws for hands.
Your natural rate of healing is unusually fast.
You are covered in fur. (AC +1)
You have tough skin. (AC +1)


Message History

You barely miss the meliai.
You feel very sick.
The meliai hits you with a +2 vorpal hand axe.
The meliai stings you but does no damage.
You scratch the meliai but do no damage.
Your claw misses the meliai.
You feel very sick.
The meliai invokes the aid of its god against you.
Something smites you!
The meliai hits you with a +2 vorpal hand axe!
The meliai stings you.
You completely miss the meliai.
You feel sick. The meliai barely misses you.
The meliai stings you but does no damage.
The meliai hits you with a +2 vorpal hand axe!
The meliai stings you!
* * * LOW HITPOINT WARNING * * *
You are more poisoned.
The meliai poisons you!
Your skin crawls.
You feel strong-willed.
You feel very sick.
The meliai hits you with a +2 vorpal hand axe!
* * * LOW HITPOINT WARNING * * *
x2 The meliai stings you.
* * * LOW HITPOINT WARNING * * *
The meliai hits you with a +2 vorpal hand axe.
* * * LOW HITPOINT WARNING * * *
x2 The meliai stings you but does no damage.
A red film seems to cover your vision as you go berserk!
You feel yourself moving faster!
You feel mighty!
You feel very sick.
The meliai hits you with a +2 vorpal hand axe.
* * * LOW HITPOINT WARNING * * *
x2 The meliai barely misses you.
You block the meliai's attack. The meliai stings you.
* * * LOW HITPOINT WARNING * * *
You barely miss the meliai.
You feel sick.
The meliai hits you with a +2 vorpal hand axe.
* * * LOW HITPOINT WARNING * * *
You die...

........#.##...##.###..##..##.
...####.#.##...##.##.#.#.##.#
.. #.#....#....#..##..#..# ..
#.#####.#########.#####
....####.# ...#...# #.#
.........##...##..## ...
#######..#.....#...# ..#.
##.#...###...##..# #.
#.....#@y......# #
#.#..#####..##..# ##.#.....
#..# ######..#.#######.#
........#.........#
#######.#####.#######
#..............
###############


You could see a meliai.

Vanquished Creatures
  An orc knight (Bailey)
  A deep elf zephyrmancer (Bailey)
  Grinder (D:6)
  Sigmund (D:2)
  7 steam dragons
  An acid dragon (D:8)
  A water moccasin (D:8)
  6 orc warriors
  A sky beast (D:7)
  2 black bears (D:8)
  2 ogres (D:5)
  A centaur (D:8)
  2 phantoms
  6 wights
  3 howler monkeys (D:8)
  2 jellies
  4 hounds
  An orc priest (D:8)
  A gnoll bouda (D:5)
  2 orc wizards (D:8)
  12 gnolls
  5 adders
  3 shadow imps
  2 white imps
  3 dart slugs
  11 orcs
  9 bats
  7 endoplasms
  2 giant cockroaches
  9 hobgoblins
  5 jackals
  2 quokkas
  8 ball pythons
  A frilled lizard (D:1)
  9 goblins
  7 kobolds
  4 rats
145 creatures vanquished.

Vanquished Creatures (others)
  2 fungi (D:1)
  4 plants (D:3)
6 creatures vanquished.

Grand Total: 151 creatures vanquished

Notes
Turn   | Place    | Note
-------+----------+-------------------------------------------
     0 | D:1      | kevlar127 the Troll Berserker began the quest for the Orb.
     0 | D:1      | Reached XP level 1. HP: 22/22 MP: 0/0
   391 | D:1      | Reached XP level 2. HP: 29/29 MP: 1/1
   405 | D:1      | Noticed a shining eye
   411 | D:1      | Found a faded altar of an unknown god.
   412 | D:1      | Noticed a great orb of eyes
   412 | D:1      | Noticed a floating eye
   412 | D:1      | Noticed a golden eye
  1003 | D:2      | Noticed Sigmund
  1015 | D:2      | Killed Sigmund
  1016 | D:2      | Reached skill level 4 in Unarmed Combat
  1016 | D:2      | Reached XP level 3. HP: 21/39 MP: 2/2
  1016 | D:2      | Reached XP level 4. HP: 26/48 MP: 3/3
  1016 | D:2      | Reached XP level 5. HP: 29/54 MP: 4/4
  1203 | D:2      | Reached ** piety under Trog
  1655 | D:3      | Reached skill level 5 in Unarmed Combat
  1943 | D:3      | Reached XP level 6. HP: 59/62 MP: 5/5
  2335 | D:4      | Found an ancient bone altar of Kikubaaqudgha.
  2449 | D:4      | Found a staircase to the Ecumenical Temple.
  2588 | D:4      | Reached skill level 1 in Throwing
  2711 | D:5      | Entered Level 5 of the Dungeon
  2760 | D:5      | Identified the +1 short sword of Valour {vorpal, Str+3}
  3242 | D:5      | Reached XP level 7. HP: 40/71 MP: 6/6
  3315 | D:5      | HP: 3/71 [ogre/+0 giant club (25)]
  3690 | D:5      | Identified the ring "Wyuf" {Fly rN+++ Str-3 Dex+4 Slay+3}
  3804 | D:6      | Reached skill level 6 in Unarmed Combat
  3814 | D:6      | Noticed Grinder
  3823 | D:6      | Killed Grinder
  3824 | D:6      | Reached skill level 5 in Fighting
  4039 | D:6      | Noticed a steam dragon
  4048 | D:6      | Killed a steam dragon
  4049 | D:6      | Reached XP level 8. HP: 77/81 MP: 7/7
  4083 | D:6      | Reached *** piety under Trog
  4473 | D:6      | Reached skill level 7 in Unarmed Combat
  5252 | D:7      | Found a flagged portal.
  5272 | Bailey   | Entered a bailey
  5330 | Bailey   | Reached skill level 5 in Throwing
  5330 | Bailey   | Reached XP level 9. HP: 65/92 MP: 8/8
  5334 | Bailey   | Noticed an orc knight
  5344 | Bailey   | Reached skill level 1 in Evocations
  5354 | Bailey   | Killed an orc knight
  5355 | Bailey   | Reached skill level 8 in Unarmed Combat
  5934 | Bailey   | Found a large runed translucent door.
  5934 | Bailey   | Found a large runed translucent door.
  5935 | Bailey   | Noticed a deep elf zephyrmancer
  6045 | Bailey   | Killed a deep elf zephyrmancer
  6723 | Temple   | Entered the Ecumenical Temple
  6970 | D:8      | Reached skill level 9 in Unarmed Combat
  7022 | D:8      | Reached skill level 1 in Armour
  7057 | D:8      | Reached XP level 10. HP: 90/102 MP: 9/9
  7347 | D:8      | Identified the +1 chain mail of Contentment {rPois rF-
                  | rCorr Stlth+}
  7355 | D:8      | HP: 7/156 [poisoned by a meliai]
  7355 | D:8      | HP: 1/156 [meliai/+2 vorpal hand axe (6)]
  7355 | D:8      | Slain by a meliai

Illustrated notes

Levels and vault maps discovered:
D:1:      minmay_arrival_widening_spiral_narrow, layout_loops_ring,
          hellmonk_ecumenical_altar_watching_god, dreamdust_mushroom_princess
D:2:      layout_rooms, uniq_sigmund
D:3:      layout_loops_ring, chequers_big_river, guppyfry_early_orc_mine
D:4:      layout_rooms, kiku_gazebo_pond_becter,
          minmay_temple_entry_statues_fountains
D:5:      layout_loops_corners
D:6:      layout_gridville, uniq_grinder
D:7:      layout_cave_pools, enter_bailey_4
D:8:      hellmonk_destroyed_diamonds, layout_basic, minmay_the_grid_2x2
          [minmay_the_grid_all_tris, minmay_the_grid_square_x,
          minmay_the_grid_zigzag_pyramid,
          minmay_the_grid_prize_four_corners_diamond_a]
Temple:   hellmonk_temple_beads

Skill      XL: |  1  2  3  4  5  6  7  8  9 |
---------------+----------------------------+-----
Fighting       | 3 4 5 6 7 |  7.9
Dodging        | 3 |  3.0
Unarmed Combat | 4 5 6 7 9 |  9.4
Throwing       | 2 3 5 |  5.5
Evocations     | 3 |  3.0
Armour         | 1 |  1.7

Action                   |  1- 3 |  4- 6 |  7- 9 | 10-12 || total
-------------------------+-------+-------+-------+-------++-------
Melee: Unarmed           |    61 |   131 |   156 |    39 ||   387
       Punch             |     1 |     3 |     9 |     1 ||    14
Throw: Boomerang         |       |       |    49 |    15 ||    64
Invok: Berserk           |     1 |       |     3 |     1 ||     5
       Trog's Hand       |       |       |     5 |     1 ||     6
Armor: Animal skin       |    15 |    22 |    18 |       ||    55
       Steam dragon scal |       |       |    13 |    13 ||    26
Dodge: Dodged            |    22 |    57 |    76 |    12 ||   167
Block: Other             |       |     2 |    35 |     8 ||    45

Table legend: (Time is in decaauts)
 A = Elapsed time spent in this place.
 B = Non-inter-level travel time spent in this place.
 C = Inter-level travel time spent in this place.
 D = Time resting spent in this place.
 E = Time spent auto-exploring this place.
 F = Levels seen in this place.
 G = Mean time per level.
                   A        B        C        D        E       F      G
               +--------+--------+--------+--------+--------+-----+--------+
         Total |   7376 |   6898 |    478 |   1309 |   4502 |  10 |  737.6 |
       Dungeon |   6419 |   5954 |    465 |    728 |   4265 |   8 |  802.4 |
        Temple |    107 |     94 |     13 |      0 |     84 |   1 |  107.0 |
        Bailey |    848 |    848 |      0 |    580 |    153 |   1 |  848.0 |
               +--------+--------+--------+--------+--------+-----+--------+

Top non-repeatable levels by time:
     D:6: 1094 daAuts
     D:5: 1060 daAuts
     D:1: 929 daAuts
     D:3: 919 daAuts
     D:7: 904 daAuts
  Bailey: 848 daAuts
     D:2: 559 daAuts
     D:4: 557 daAuts
     D:8: 394 daAuts
  Temple: 107 daAuts
